 Dungeon Crawl Stone Soup version 0.32-a0-953-g508020473e (webtiles) character file.

Game seed: 3205443512518441842

19044 spaghetti the Protected (level 12, -4/104 HPs)
             Began as a Demonspawn Chaos Knight on Apr 17, 2024.
             Was a Plaything of Xom.
             Slain by a sun demon (16 damage)
             ... summoned by Xom
             ... on level 9 of the Dungeon.
             The game lasted 00:26:16 (14541 turns).

spaghetti the Protected (Demonspawn Chaos Knight)  Turns: 14541, Time: 00:26:16

Health: -4/104     AC: 32    Str: 25    XL:     12   Next: 33%
Magic:  12/12      EV: 19    Int: 13    God:    Xom [*.....]
Gold:   545        SH: 14    Dex: 13    Spells: 11/11 levels left

rFire   + .          .
                       - Unarmed
rCold   . . .        a - +0 tower shield
rNeg    . . .        o - +4 crystal plate armour
rPois   .            (no helmet)
rElec   .            u - +0 cloak
rCorr   .            r - +2 pair of gloves
SInv    +            g - +2 pair of boots {Stlth+}
Will    ++...        h - amulet of the acrobat Stlth
                     k - +6 ring of strength
HPRegen 0.37/turn    y - ring of see invisible
MPRegen 0.13/turn

%: acrobat
@: acrobatic, enlightened, flying, wreathed by umbra
A: powered by pain 2, foul shadow 2, fire resistance 1, strong-willed 1, robust
1, strong 1, inability to read after injury 1, MP-powered wands
a: Renounce Religion


You were on level 9 of the Dungeon.
You worshipped Xom.
You were a special plaything of Xom.
You visited 1 branch of the dungeon, and saw 12 of its levels.

You collected 733 gold pieces.
You spent 188 gold pieces at shops.

Inventory:

Hand Weapons
 b - the +9 sling of the Priest {freeze, rN+ MP+9 Str+3 SInv}
   (You found it on level 4 of the Dungeon)

   Str+3:     It affects your strength (+3).
   rN+:       It protects you from negative energy.
   MP+9:      It affects your magic capacity (+9).
   SInv:      It lets you see invisible.
Missiles
 p - a throwing net
Armour
 a - a +0 tower shield (worn)
 g - a +2 pair of boots of stealth (worn)
 o - a +4 crystal plate armour (worn)
 r - a +2 pair of gloves (worn)
 u - a +0 cloak (worn)
Jewellery
 h - an amulet of the acrobat (around neck)
 k - a +6 ring of strength (left hand)
 l - the ring "Finiam" {rCorr Int+4}
   (Xom gifted it to you on level 5 of the Dungeon)

   [ring of resist corrosion]

   Int+4:     It affects your intelligence (+4).
   rCorr:     It protects you from acid and corrosion.
 y - a ring of see invisible (right hand)
Wands
 d - a wand of polymorph (7)
 i - a wand of flame (21)
Scrolls
 m - 2 scrolls of enchant weapon
 n - 4 scrolls of identify
 s - 3 scrolls of vulnerability
 v - a scroll of amnesia
 A - a scroll of revelation
Potions
 f - a potion of cancellation
Miscellaneous
 c - a phantom mirror (inert)


   Skills:
 + Level 9.0 Fighting
 + Level 10.0 Armour
 + Level 8.4 Dodging
 + Level 7.5 Shields
 + Level 9.3 Unarmed Combat


You had 11 spell levels left.
You didn't know any spells.
Your spell library contained the following spells:

 Spells                   Type           Power      Damage    Failure   Level
 Apportation              Tloc           0%         N/A       100%        1
 Sting                    Conj/Alch      0%         1d3       100%        1
 Summon Small Mammal      Summ           0%         N/A       100%        1
 Ensorcelled Hibernation  Hex/Ice        0%         N/A       100%        2
 Jinxbite                 Hex            0%         N/A       100%        2
 Mercury Vapours          Alch/Air       0%         N/A       100%        2
 Call Canine Familiar     Summ           0%         N/A       100%        3
 Frozen Ramparts          Ice            0%         1d1       100%        3
 Fugue of the Fallen      Necr           0%         N/A       100%        3
 Ozocubu's Armour         Ice            0%         N/A       100%        3
 Tukima's Dance           Hex            0%         N/A       100%        3
 Anguish                  Hex/Necr       0%         N/A       100%        4
 Dimensional Bullseye     Hex/Tloc       0%         N/A       100%        4
 Iskenderun's Mystic Bla Conj/Tloc 0%             2d3        (+2d1     100%        4
 Olgreb's Toxic Radiance  Alch           0%         N/A       100%        4
 Summon Blazeheart Golem  Fire/Summ      0%         N/A       100%        4
 Alistair's Intoxication  Alch           0%         N/A       100%        5
 Metabolic Englaciation   Hex/Ice        0%         N/A       100%        5


Dungeon Overview and Level Annotations

Branches:
Dungeon (12/15)            Temple (0/1) D:7
   Lair: D:8-11         Orc: D:9-12

Altars:
Ashenzari
Hepliaklqana
Wu Jian

Shops:
D:9 ==:?   D:11 (

Annotations:
D:12 Jorgrun, Lodul


Innate Abilities, Weirdness & Mutations

You sometimes gain power by taking damage.
You are shadowed, sometimes releasing foul flame when damaged in melee.
Your flesh is heat resistant. (rF+)
You are strong-willed. (Will+)
You are robust. (+10% HP)
Your muscles are strong. (Str +4, Int/Dex -1)
You occasionally lose the ability to read scrolls when taking damage.
You expend magic power (3 MP) to strengthen your wands.


Message History

Unknown command.
Unknown command.
You block the quasit's attack. The quasit barely misses you.
The quasit misses you. The ufetubus attacks as it pursues you!
You block the ufetubus's attack. The ufetubus completely misses you.
There is an open door, spattered with blood here.
Unknown command.
Unknown command.
Unknown command.
Unknown command.
Unknown command.
The ufetubus attacks as it pursues you! You block the ufetubus's attack.
The ufetubus closely misses you. The ufetubus completely misses you.
The ufetubus barely misses you.
There is a fountain of clear blue water here.
The ufetubus attacks as it pursues you! You block the ufetubus's attack.
The ufetubus barely misses you.
There is an entrance to Emarhas's Magic Scroll Shoppe here.
e - a scroll of teleportation Thank you for shopping at Emarhas's Magic Scroll Shoppe!
As you read the scroll of teleportation, it crumbles to dust.
You feel strangely unstable. You block the ufetubus's attack. x2
Unknown command.
Unknown command.
Unknown command.
Unknown command.
Your surroundings suddenly seem different.
Xom thinks this is hilarious!
Unknown command.
You reach down and close the large door. "Time to have some fun!"
You are now a special plaything of Xom.
A quasit opens the large door.
Unknown command.
The white imp gestures at you. You block the puff of frost.
The sun demon closely misses you.
The sun demon attacks as it pursues you!
The sun demon hits you!
You die...

#.#####.##.## ##.###...#
##.......##.# #.## ##.##
.....######.# #.# #.#
##.#.# ##'## #.## ##.#
#.#.#####...## ##.###.##
##......#.....## ##...##
#....##........## ##.##
.....##.........####...##
.......(.......3@.......#
.....##......5..####...###
#....###......5## ##....#
#.[#.# ##.....## ####.#
#....# ##..### ##### #.#
#.#### ##''5###...# #.#
#.# ###...#'#.# #.# #.#
#..⌠...#.# #.# #.# #####
##.⌠5⌠.##.####.#


You could see a sun demon (summoned), a quasit (summoned) and a white imp
(summoned).

Vanquished Creatures
  A broodmother (D:9)
  Snorg (D:9)
  A boulder beetle (D:10)
  Erica (D:11)
  3 two-headed ogres
  An orc knight (D:10)
  2 ugly things
  A manticore (D:10)
  3 cyclopes (D:10)
  Joseph (D:7)
  An elephant (shapeshifter) (D:11)
  2 gargoyles (D:10)
  An unseen horror (D:10)
  A komodo dragon (D:10)
  A freezing wraith (D:10)
  A kobold demonologist (D:10)
  3 trolls
  4 hornets
  Sigmund (D:3)
  2 vampires (D:10)
  A wyvern (D:9)
  8 yaks
  A basilisk (D:10)
  A steam dragon (D:8)
  2 water moccasins (D:6)
  6 acid dragons
  4 orc warriors
  5 black bears
  A sky beast (D:7)
  An ogre (D:5)
  5 centaurs
  6 kobold brigands
  2 bullfrogs (D:7)
  2 gnoll sergeants (D:10)
  3 scorpions
  14 wights
  15 killer bees
  4 howler monkeys
  6 orc priests
  A bombardier beetle (D:4)
  A gnoll bouda (D:5)
  A hound (D:6)
  3 iguanas
  Terence (D:2)
  9 orc wizards
  5 adders
  8 gnolls (D:5)
  A shadow imp (D:5)
  6 ribbon worms
  2 dart slugs
  28 orcs
  12 ball pythons
  8 bats
  9 endoplasms
  3 giant cockroaches
  19 goblins
  A goblin (shapeshifter) (D:3)
  14 hobgoblins
  5 jackals
  35 kobolds
  10 quokkas
  4 frilled lizards
  5 rats
310 creatures vanquished.

Vanquished Creatures (collateral kills)
  A yak (D:10)
  2 centaurs
  A killer bee (D:9)
  An iguana (D:6)
  An adder (D:6)
  2 orcs (D:8)
8 creatures vanquished.

Vanquished Creatures (others)
  A gargoyle (D:12)
  A slime creature (D:12)
  A bullfrog (D:6)
  A hound (D:6)
  An orc (D:8)
5 creatures vanquished.

Grand Total: 323 creatures vanquished

Notes
Turn   | Place    | Note
-------+----------+-------------------------------------------
     0 | D:1      | spaghetti the Demonspawn Chaos Knight began the quest for
                  | the Orb.
     0 | D:1      | Reached XP level 1. HP: 18/18 MP: 1/1
   146 | D:1      | Gained mutation: You are faintly shadowed, very rarely
                  | releasing foul flame when damaged in melee. [demonic
                  | ancestry]
   146 | D:1      | Reached XP level 2. HP: 24/24 MP: 2/2
   439 | D:1      | XOM: divination: detect creatures
   595 | D:1      | Reached XP level 3. HP: 29/29 MP: 3/3
   702 | D:1      | XOM: silly message
   749 | D:1      | XOM: silly message
   856 | D:1      | Reached skill level 1 in Dodging
  1027 | D:2      | Found an ornate altar of the Wu Jian Council.
  1034 | D:2      | Noticed Terence
  1070 | D:2      | Killed Terence
  1071 | D:2      | Gained mutation: You sometimes gain a little power by
                  | taking damage. [demonic ancestry]
  1071 | D:2      | Reached XP level 4. HP: 12/35 MP: 4/4
  1266 | D:2      | Noticed Robin
  1304 | D:2      | Robin changed into Robin the jackal
  1304 | D:2      | Noticed Robin
  1304 | D:2      | XOM: polymorph Robin -> Robin the jackal
  1308 | D:2      | Killed Robin the jackal
  1526 | D:2      | XOM: summons 3 hostile demons
  2023 | D:3      | XOM: confusion (+ monsters)
  2045 | D:3      | a ribbon worm changed into a yak
  2045 | D:3      | Noticed a yak
  2045 | D:3      | XOM: polymorph ribbon worm -> yak
  2177 | D:3      | XOM: god gift: spear {god gift}
  2395 | D:3      | Reached skill level 2 in Armour
  2398 | D:3      | XOM: confuse monster(s)
  2401 | D:3      | XOM: confusion
  2420 | D:3      | Gained mutation: You are shadowed, sometimes releasing foul
                  | flame when damaged in melee. [demonic ancestry]
  2420 | D:3      | Reached XP level 5. HP: 39/41 MP: 5/5
  2592 | D:3      | XOM: fog
  2593 | D:3      | an orc changed into a shapeshifter
  2593 | D:3      | Noticed a shapeshifter (shapeshifter)
  2593 | D:3      | XOM: polymorph orc -> shapeshifter
  2593 | D:3      | a shapeshifter changed into a hobgoblin
  2596 | D:3      | XOM: give mutation
  2596 | D:3      | Gained mutation: You have hidden genetic potential. [Xom's
                  | grace]
  2626 | D:3      | XOM: god gift: +2 pair of boots of stealth
  2631 | D:3      | XOM: cloud trail
  2694 | D:3      | XOM: divination: magic mapping
  2862 | D:3      | Noticed Sigmund
  2872 | D:3      | Killed Sigmund
  2873 | D:3      | Reached skill level 3 in Armour
  2873 | D:3      | Reached skill level 5 in Unarmed Combat
  2873 | D:3      | Reached XP level 6. HP: 41/47 MP: 6/6
  2873 | D:3      | Gained mutation: You have a pair of small horns on your
                  | head. [hidden potential]
  3005 | D:3      | XOM: scenery: 1 doors open
  3406 | D:3      | XOM: scenery: 1 doors close
  3408 | D:3      | XOM: confuse monster(s)
  3420 | D:3      | Killed a yak
  3421 | D:3      | Reached skill level 4 in Armour
  3421 | D:3      | Reached XP level 7. HP: 52/52 MP: 7/7
  3526 | D:3      | XOM: silly message
  3803 | D:3      | XOM: god gift: large ruby ring {god gift}
  3943 | D:4      | XOM: 1-stop teleportation journey
  4156 | D:4      | Gained mutation: Your spells are a little harder to cast,
                  | but a little more powerful. [hidden potential]
  4156 | D:4      | Lost mutation: You have hidden genetic potential. [hidden
                  | potential expressed]
  4198 | D:4      | XOM: 2-stop teleportation journey
  4287 | D:4      | Identified the +9 sling of the Priest {freeze, rN+ MP+9
                  | Str+3 SInv}
  4399 | D:5      | Entered Level 5 of the Dungeon
  4583 | D:5      | Reached skill level 1 in Shields
  4694 | D:5      | XOM: divination: detect creatures
  4901 | D:5      | XOM: god gift: scroll of enchant weapon
  5087 | D:5      | Noticed a hornet
  5090 | D:5      | Paralysed by a hornet for 3 turns
  5269 | D:5      | Reached XP level 8. HP: 60/60 MP: 8/8
  5428 | D:5      | XOM: fake destruction
  5436 | D:5      | Reached skill level 5 in Armour
  5836 | D:5      | Paralysed by a hornet for 2 turns
  5837 | D:5      | Killed a hornet
  5856 | D:5      | XOM: give mutations
  5856 | D:5      | Lost mutation: You have a pair of small horns on your head.
                  | [Xom's mischief]
  5856 | D:5      | Gained mutation: You are robust. (+10% HP) [Xom's mischief]
  5856 | D:5      | Gained mutation: You have hidden genetic potential. [Xom's
                  | mischief]
  6003 | D:5      | Found a hazy altar of Hepliaklqana.
  6016 | D:5      | XOM: torment (34/66 hp)
  6039 | D:5      | XOM: scenery: summon butterflies
  6409 | D:5      | Identified the ring "Finiam" {rCorr Int+4} (Xom gifted it
                  | to you on level 5 of the Dungeon)
  6409 | D:5      | XOM: god gift: ring "Finiam" {rCorr Int+4}
  6517 | D:6      | XOM: scenery: summon butterflies
  6522 | D:6      | Reached skill level 6 in Armour
  6535 | D:7      | XOM: summons 8 friendly demons
  6606 | D:6      | XOM: god gift: scroll labelled OCISOG FIKH {god gift}
  6664 | D:6      | XOM: silly message
  6674 | D:6      | XOM: destruction
  6675 | D:6      | Gained mutation: You sometimes gain power by taking damage.
                  | [demonic ancestry]
  6675 | D:6      | Reached XP level 9. HP: 63/73 MP: 9/9
  6680 | D:6      | Reached skill level 5 in Fighting
  6850 | D:6      | Found a broken altar of Ashenzari.
  6940 | D:6      | XOM: cast spell 'Summon Mana Viper'
  6959 | D:6      | Gained mutation: You are strong-willed. (Will+) [hidden
                  | potential]
  7105 | D:7      | Noticed Joseph
  7123 | D:7      | Killed Joseph
  7124 | D:7      | Reached skill level 5 in Dodging
  7206 | D:7      | Reached skill level 7 in Armour
  7253 | D:7      | Found a staircase to the Ecumenical Temple.
  7417 | D:7      | XOM: noise
  7558 | D:7      | XOM: enchant monster (bad)
  7560 | D:7      | XOM: summons friendly shadow imp
  7648 | D:7      | XOM: 7-stop teleportation journey
  7693 | D:7      | XOM: summons 3 hostile demons
  8187 | D:8      | XOM: god gift: 6 darts of dispersal
  8241 | D:8      | XOM: enchant monster (good)
  8693 | D:8      | XOM: cast spell 'Summon Mana Viper'
  8741 | D:8      | XOM: enchant monster (good)
  8744 | D:8      | XOM: summons friendly crimson imp
  8749 | D:8      | Reached XP level 10. HP: 51/83 MP: 10/10
  9101 | D:8      | Reached skill level 8 in Armour
  9103 | D:8      | Gained mutation: Your flesh is heat resistant. (rF+)
                  | [hidden potential]
  9103 | D:8      | Lost mutation: You have hidden genetic potential. [hidden
                  | potential expressed]
  9148 | D:8      | XOM: give mutations
  9148 | D:8      | Lost mutation: You are strong-willed. (Will+) [Xom's
                  | mischief]
  9148 | D:8      | Gained mutation: You occasionally lose the ability to read
                  | scrolls when taking damage. [Xom's mischief]
  9148 | D:8      | Gained mutation: Your muscles are strong. (Str +4, Int/Dex
                  | -1) [Xom's mischief]
  9228 | D:8      | Noticed a two-headed ogre
  9238 | D:8      | Killed a two-headed ogre
  9430 | D:9      | XOM: swap monsters
  9507 | D:9      | XOM: cast spell 'Summon Horrible Things'
  9678 | D:9      | Reached skill level 5 in Shields
  9798 | D:9      | XOM: stat loss: -1 Int (15/16)
  9845 | D:9      | Found Emarhas's Magic Scroll Shoppe.
  9852 | D:9      | Bought a scroll of fog for 52 gold pieces
  9852 | D:9      | Bought a scroll of blinking for 97 gold pieces
 10027 | D:9      | Noticed a two-headed ogre
 10041 | D:9      | Killed a two-headed ogre
 10141 | D:9      | Found Faimpew's Jewellery Boutique.
 10216 | D:9      | Found Piumn's Book Emporium.
 10216 | D:9      | Found Xugualef's Jewellery Emporium.
 10308 | D:9      | XOM: stat loss: -1 Str (24/25)
 10346 | D:9      | XOM: give mutations
 10346 | D:9      | Gained mutation: You are dopey. (Int -2) [Xom's mischief]
 10346 | D:9      | Gained mutation: You expend magic power (3 MP) to
                  | strengthen your wands. [Xom's mischief]
 10346 | D:9      | Lost mutation: Your spells are a little harder to cast, but
                  | a little more powerful. [Xom's mischief]
 10455 | D:9      | XOM: silly message
 10477 | D:9      | Noticed a green ugly thing
 10486 | D:9      | XOM: cast spell 'Summon Small Mammal'
 10500 | D:9      | XOM: potion effect (brilliance)
 10503 | D:9      | XOM: summons friendly crimson imp
 10507 | D:9      | Killed a green ugly thing
 10535 | D:10     | Entered Level 10 of the Dungeon
 10633 | D:10     | Noticed a manticore
 10637 | D:10     | Noticed a cyclops
 10638 | D:10     | XOM: potion effect (brilliance)
 10641 | D:10     | Noticed a cyclops
 10645 | D:10     | Noticed a soul eater
 10809 | D:10     | Reached XP level 11. HP: 53/92 MP: 11/11
 10959 | D:10     | XOM: enchant monster (bad)
 11262 | D:10     | XOM: summons friendly iron imp
 11286 | D:10     | XOM: divination: detect creatures
 11299 | D:10     | Paralysed by a hornet for 2 turns
 11316 | D:10     | XOM: cast spell 'Summon Ice Beast'
 11324 | D:10     | XOM: divination: detect items
 11357 | D:10     | Reached skill level 9 in Armour
 11373 | D:10     | XOM: cast spell 'Iskenderun's Battlesphere'
 11376 | D:10     | XOM: cast spell 'Alistair's Intoxication'
 11761 | D:10     | XOM: confuse monster(s)
 11913 | D:10     | XOM: divination: detect items
 11917 | D:10     | XOM: silly message
 12347 | D:10     | XOM: noise
 12426 | D:10     | Found a runed translucent door.
 12426 | D:10     | XOM: potion effect (invisibility)
 12448 | D:10     | Found a runed translucent door.
 12448 | D:10     | Noticed a boulder beetle
 12448 | D:10     | Noticed an orc knight
 12448 | D:10     | Noticed a boulder beetle
 12700 | D:10     | Killed an orc knight
 12703 | D:10     | XOM: divination: detect creatures
 12705 | D:10     | XOM: divination: detect items
 12726 | D:10     | XOM: divination: detect creatures
 12818 | D:10     | XOM: silly message
 12916 | D:10     | XOM: divination: detect creatures
 12968 | D:11     | Noticed a two-headed ogre
 12980 | D:11     | Killed a two-headed ogre
 13042 | D:10     | XOM: god gift: staff of fire
 13128 | D:11     | Noticed a two-headed ogre
 13135 | D:11     | a two-headed ogre changed into a shapeshifter
 13135 | D:11     | XOM: polymorph two-headed ogre -> shapeshifter
 13144 | D:11     | XOM: silly message
 13151 | D:11     | Reached XP level 12. HP: 87/103 MP: 12/12
 13233 | D:11     | Noticed Erica
 13244 | D:11     | Killed Erica
 13249 | D:11     | XOM: polymorph orc priest -> frilled lizard
 13251 | D:11     | Noticed Snorg
 13327 | D:10     | XOM: summons friendly crimson imp
 13347 | D:10     | Killed a boulder beetle
 13527 | D:12     | Noticed Jorgrun
 13527 | D:12     | XOM: 1-stop teleportation journey
 13535 | D:12     | XOM: summons 8 friendly demons
 13542 | D:12     | XOM: cast spell 'Monstrous Menagerie'
 13574 | D:12     | XOM: 1-stop teleportation journey
 13618 | D:12     | XOM: stat loss: -1 Dex (12/13)
 13621 | D:12     | XOM: 2-stop teleportation journey
 13663 | D:12     | XOM: 2-stop teleportation journey
 13672 | D:12     | XOM: 1-stop teleportation journey
 13679 | D:12     | XOM: noise
 13697 | D:12     | XOM: chaos cloud
 13713 | D:12     | XOM: summons 2 friendly demons
 13741 | D:12     | Noticed Lodul
 14007 | D:11     | XOM: fog
 14017 | D:11     | Noticed a two-headed ogre
 14018 | D:11     | Noticed a two-headed ogre
 14018 | D:11     | XOM: 4-stop teleportation journey
 14021 | D:11     | Found Hugeill's Weapon Emporium.
 14035 | D:11     | XOM: give mutations
 14035 | D:11     | Gained mutation: You are strong-willed. (Will+) [Xom's
                  | mischief]
 14035 | D:11     | Lost mutation: You are dopey. (Int -2) [Xom's mischief]
 14087 | D:11     | XOM: swap monsters
 14098 | D:11     | XOM: repel stairs
 14100 | D:11     | XOM: enchant monster (bad)
 14103 | D:11     | XOM: enchant monster (good)
 14480 | D:9      | a boulder beetle changed into a broodmother
 14480 | D:9      | Noticed a broodmother
 14480 | D:9      | XOM: polymorph boulder beetle -> broodmother
 14513 | D:9      | Killed a broodmother
 14514 | D:9      | Reached skill level 10 in Armour
 14516 | D:9      | XOM: confusion (+ monsters)
 14521 | D:9      | XOM: summons 7 hostile demons
 14527 | D:9      | Killed Snorg
 14532 | D:9      | Bought a scroll of teleportation for 39 gold pieces
 14536 | D:9      | XOM: summons 1 hostile demon
 14541 | D:9      | Slain by a sun demon

Illustrated notes

Levels and vault maps discovered:
D:1:      sevenhm_arrival_forest_fort_small_4, layout_basic,
          nicolae_hexahallways
D:2:      layout_loops_cross, basic_altar, minmay_tromino_v4_c, uniq_robin,
          uniq_terence
D:3:      minmay_razor_zed, layout_basic, minmay_misc_feat_rows,
          minmay_misc_feat_tower, nicolae_titane, uniq_sigmund
D:4:      layout_basic, chequers_serial_rivers_room_b
D:5:      layout_gridville, general_overflow_altar, nicolae_wormholes
D:6:      layout_rooms, nicolae_overflow_crystal_walls
D:7:      layout_loops_cross, minmay_temple_entry_sparse_star,
          chequers_decorated_corner, uniq_joseph
D:8:      layout_layer_cave, enter_bailey_3
D:9:      layout_loops_corners, serial_shops, nicolae_shop_waterfront,
          nicolae_shop_rolling_square, shop, nicolae_shop_hallway_plus
D:10:     minmay_the_grid_four_pointed_star_mashed
          [minmay_the_grid_triangle_9x9_flanged_cone,
          minmay_the_grid_triangle_9x9_skeleton,
          minmay_the_grid_triangle_9x9_negative_grid,
          minmay_the_grid_triangle_9x9_tough_junction,
          minmay_the_grid_prize_inner_circle], layout_basic,
          kennysheep_generic_room_8
D:11:     layout_layer_cave, david_lair_generic, erik_orc_4, serial_shops,
          shop_statue, uniq_erica, uniq_snorg
D:12:     layout_basic, uniq_jorgrun, uniq_lodul

Skill      XL: |  1  2  3  4  5  6  7  8  9 10 11 12 |
---------------+-------------------------------------+-----
Unarmed Combat | 3 4 5 6 7 8 9 |  9.3
Dodging        | 1 2 3 4 5 6 8 |  8.4
Armour         | 2 3 4 6 7 8 9 10 | 10.0
Shields        | 1 3 4 5 7 |  7.5
Fighting       | 4 6 7 8 9 |  9.0

Action                     |  1- 3 |  4- 6 |  7- 9 | 10-12 || total
---------------------------+-------+-------+-------+-------++-------
  Melee: Unarmed           |   143 |   282 |   517 |   833 ||  1775
         Punch             |     2 |     6 |     2 |       ||    10
         Headbutt          |       |     8 |    39 |       ||    47
   Fire: Sling             |       |       |    35 |       ||    35
  Throw: Dart              |       |       |     6 |       ||     6
  Evoke: Wand              |       |       |     1 |    22 ||    23
         Phantom mirror    |       |       |       |     1 ||     1
    Use: Potion            |     2 |     5 |     2 |     5 ||    14
         Scroll            |       |     6 |    15 |    14 ||    35
   Stab: Sleeping          |     1 |       |       |       ||     1
         Confused          |       |     1 |       |     1 ||     2
         Paralysed         |       |       |     4 |    21 ||    25
         Invisible         |       |       |       |     4 ||     4
 Armour: Leather armour    |    46 |       |       |       ||    46
         Ring mail         |    20 |       |       |       ||    20
         Scale mail        |       |   112 |       |       ||   112
         Crystal plate arm |       |   146 |   609 |   716 ||  1471
  Dodge: Dodged            |    87 |   120 |    70 |   176 ||   453
  Block: Tower shield      |       |       |   490 |   786 ||  1276

Table legend: (Time is in decaauts)
 A = Elapsed time spent in this place.
 B = Non-inter-level travel time spent in this place.
 C = Inter-level travel time spent in this place.
 D = Time resting spent in this place.
 E = Time spent auto-exploring this place.
 F = Levels seen in this place.
 G = Mean time per level.
                   A        B        C        D        E       F      G
               +--------+--------+--------+--------+--------+-----+--------+
         Total |  14684 |  14243 |    441 |   2674 |   8127 |  12 | 1223.7 |
       Dungeon |  14684 |  14243 |    441 |   2674 |   8127 |  12 | 1223.7 |
               +--------+--------+--------+--------+--------+-----+--------+

Top non-repeatable levels by time:
    D:10: 2647 daAuts
     D:5: 2032 daAuts
     D:3: 1781 daAuts
     D:9: 1732 daAuts
     D:7: 1518 daAuts
     D:2: 986 daAuts
     D:1: 975 daAuts
     D:8: 845 daAuts
     D:4: 702 daAuts
     D:6: 616 daAuts
    D:11: 609 daAuts
    D:12: 235 daAuts
